 Dungeon Crawl Stone Soup version 0.31-a0-816-gd61d57ddb1 (webtiles) character file.

Game seed: 7461167537159698931

2098 CrazyBamboolord the Changeling (level 9, -2/36 (88) HPs)
             Began as a Troll Shapeshifter on Sept 22, 2023.
             Was an Initiate of Ru.
             Killed by divine providence
             ... invoked by Jeremiah
              (13 damage)
             ... on level 7 of the Dungeon.
             The game lasted 00:11:09 (5742 turns).

CrazyBamboolord the Changeling (Troll Shapeshifter) Turns: 5742, Time: 00:11:10

HP:   -2/36 (88)    AC:  6    Str: 28    XL:     9   Next: 7%
MP:   8/8           EV: 10    Int:  6    God:    Ru [......]
Gold: 166           SH:  0    Dex:  9    Spells: 8/8 levels left

rFire   . .          .
                       - Unarmed
rCold   . . .        (no shield)
rNeg    . . .        I - +2 robe {Will+}
rPois   .            (helmet currently unavailable)
rElec   .            (cloak currently unavailable)
rCorr   +            (gloves unavailable)
SInv    .            (boots unavailable)
Will    ++...        g - amulet of regeneration Stlth
                     i - ring of willpower
HPRegen 1.86/turn    u - ring of resist corrosion
MPRegen 0.11/turn

%: no passive effects
@: beast-form, extremely drained
A: beast (slay +3), large, unfitting armour, claws 3, regeneration 1, shaggy fur
1, tough skin 1, no stealth
a: Begin Untransformation, Renounce Religion


You were on level 7 of the Dungeon.
You worshipped Ru.
Ru was noncommittal.
You were a hulking beast.
You visited 2 branches of the dungeon, and saw 9 of its levels.

You collected 528 gold pieces.
You spent 362 gold pieces at shops.

Inventory:

Missiles
 s - 4 large rocks (quivered)
Armour
 I - a +2 robe of willpower (worn)
Jewellery
 g - an amulet of regeneration (around neck)
 i - a ring of willpower (left claw)
 r - an amulet of the acrobat
 u - a ring of resist corrosion (right claw)
 x - a +6 ring of dexterity
Talismans
 c - a beast talisman (active)
 d - a flux talisman
 F - a maw talisman
Wands
 o - a wand of iceblast (20)
 y - a wand of charming (12)
 z - a wand of flame (39)
Scrolls
 e - a scroll of vulnerability
 h - 3 scrolls of blinking
 k - a scroll of immolation {unknown}
 m - 4 scrolls of teleportation
 p - 2 scrolls of revelation
 A - a scroll of poison {unknown}
 B - a scroll of summoning {unknown}
 C - 2 scrolls of noise {unknown}
 D - a scroll of amnesia {unknown}
 E - 2 scrolls of fear {unknown}
 G - a scroll of brand weapon
Potions
 a - 4 potions of heal wounds
 b - 2 potions of lignification
 f - 2 potions of attraction
 j - 2 potions of brilliance
 q - a potion of curing {unknown}
 t - 2 potions of might
 v - a potion of haste {unknown}
 H - a potion of magic {unknown}


   Skills:
 * Level 5.1 Fighting
 + Level 3.1 Throwing
 + Level 4.5 Dodging
 + Level 5.8 Unarmed Combat
 * Level 6.4 Shapeshifting


You had 8 spell levels left.
You didn't know any spells.
Your spell library contained the following spells:

 Spells                   Type           Power      Damage    Failure   Level
 Scorch                   Fire           0%         2d5       58%         2
 Summon Guardian Golem    Hex/Summ       0%         N/A       83%         3
 Flame Wave               Conj/Fire      0%         2d4       99%         4
 Simulacrum               Ice/Necr       0%         N/A       100%        6
 Summon Cactus Giant      Summ           0%         N/A       100%        6
 Orb of Destruction       Conj           0%         9d5       100%        7
 Ozocubu's Refrigeration  Ice            0%         4d7       100%        7
 Spellforged Servitor     Conj/Summ      0%         N/A       100%        7
 Polar Vortex             Ice            0%         N/A       100%        9


Dungeon Overview and Level Annotations

Branches:
Dungeon (8/15)             Temple (1/1) D:4
   Lair: D:8-11

Altars:
Ashenzari
Cheibriados
Dithmenos
Fedhas
Gozag
Hepliaklqana
Kikubaaqudgha
Makhleb
Nemelex Xobeh
Okawaru
Qazlal
Ru
Sif Muna
Trog
Uskayaw
Wu Jian
Xom
Zin
The Shining One

Shops:
D:3 *   D:5 *

Annotations:
D:1 exclusion: downstairs
D:3 1 exclusion
D:7 Jeremiah


Innate Abilities, Weirdness & Mutations

You are a hulking beast.
Your limbs bulge with bestial killing power. (Slay +3)
You are too large for most types of armour.
You have claws for hands.
Your natural rate of healing is unusually fast.
You are covered in fur. (AC +1)
You have tough skin. (AC +1)
You cannot be stealthy.


Message History

You miss the butterfly. Jeremiah barely misses you.
You scratch the butterfly.
You kill the butterfly!
The butterfly disappears in a burst of colours!
Jeremiah hits you from afar with a +3 trident of draining.
You feel drained.
You scratch the butterfly.
You kill the butterfly!
The butterfly disappears in a burst of colours!
Jeremiah closely misses you.
You completely miss Jeremiah.
Jeremiah is lightly wounded.
Jeremiah hits you with a +3 trident of draining.
You feel drained.
You barely miss Jeremiah.
Jeremiah is lightly wounded.
Jeremiah misses you.
You closely miss Jeremiah.
Jeremiah is lightly wounded.
Jeremiah cries, "Fearful master, protect me!"
Something smites you!
You scratch Jeremiah but do no damage.
Jeremiah is lightly wounded.
Jeremiah hits you with a +3 trident of draining.
You feel drained.
You closely miss Jeremiah.
Jeremiah is lightly wounded.
Jeremiah hits you with a +3 trident of draining.
You feel drained.
You claw Jeremiah!
Jeremiah is heavily wounded.
Jeremiah hits you with a +3 trident of draining!
You feel drained.
* * * LOW HITPOINT WARNING * * *
You barely miss Jeremiah. Your claw misses Jeremiah.
Jeremiah is heavily wounded.
Jeremiah mumbles a slurred invocation.
Something smites you!
You die...
Jeremiah wails, "I didn't mean to kill anyone!
I'm not a murderer!"

#........ #.# #.#
#.# #.# #.# #b#
#b# #h# ##########
#F# ####.........
#b# ##..........##
#b###...........#
#b#.[...........#
#...##############
#>................
##################
####


You could see Jeremiah.

Vanquished Creatures
  Grinder (D:3)
  3 ice beasts
  A black bear (D:4)
  2 sky beasts (D:6)
  A centaur (D:6)
  2 ogres (D:6)
  2 phantoms (D:5)
  A scorpion (D:5)
  A gnoll sergeant (D:7)
  A wight (D:6)
  2 howler monkeys (D:8)
  4 jellies
  6 hounds
  A sleepcap (D:6)
  Jessica (D:2)
  2 iguanas (D:5)
  Ijyb (D:3)
  3 orc wizards (D:7)
  8 gnolls
  4 adders
  2 white imps
  A worm (D:2)
  5 dart slugs
  15 orcs
  6 bats
  4 endoplasms
  A giant cockroach (D:3)
  7 goblins
  7 hobgoblins
  5 jackals
  2 quokkas (D:2)
  5 ball pythons
  4 frilled lizards
  7 kobolds
  6 rats
124 creatures vanquished.

Notes
Turn   | Place    | Note
-------+----------+-------------------------------------------
     0 | D:1      | CrazyBamboolord the Troll Shapeshifter began the quest for
                  | the Orb.
     0 | D:1      | Reached XP level 1. HP: 18/18 MP: 0/0
   123 | D:1      | Reached skill level 1 in Fighting
   163 | D:1      | Reached XP level 2. HP: 27/27 MP: 1/1
   426 | D:1      | Reached XP level 3. HP: 33/33 MP: 2/2
   957 | D:2      | Noticed Jessica
   963 | D:2      | Killed Jessica
   964 | D:2      | Reached XP level 4. HP: 42/42 MP: 3/3
  1036 | D:2      | Found a faded altar of an unknown god.
  1481 | D:3      | Noticed Grinder
  1505 | D:3      | Killed Grinder
  1506 | D:3      | Reached skill level 4 in Shapeshifting
  1506 | D:3      | Reached XP level 5. HP: 46/50 MP: 4/4
  1506 | D:3      | Reached XP level 6. HP: 54/59 MP: 5/5
  1595 | D:3      | Noticed Ijyb
  1605 | D:3      | Killed Ijyb
  1720 | D:3      | Found Qyucuynt's Assorted Antiques.
  1728 | D:3      | Bought a scroll of blinking for 150 gold pieces
  1728 | D:3      | Bought a scroll labelled BOTRAQUAHE for 20 gold pieces
  1728 | D:3      | Bought a cyan potion for 18 gold pieces
  2706 | D:4      | Found a staircase to the Ecumenical Temple.
  2757 | Temple   | Entered the Ecumenical Temple
  2827 | Temple   | Became a worshipper of Ru the Awakened
  3080 | D:5      | Entered Level 5 of the Dungeon
  3092 | D:5      | Found Deunkisesi's Lightly-Used Armoury.
  3198 | D:5      | Reached XP level 7. HP: 64/67 MP: 6/6
  3334 | D:5      | Reached skill level 1 in Throwing
  3542 | D:5      | Reached skill level 5 in Unarmed Combat
  3542 | D:5      | Reached skill level 5 in Shapeshifting
  3592 | D:6      | Reached XP level 8. HP: 45/78 MP: 7/7
  3693 | D:3      | Bought a scroll of teleportation for 60 gold pieces
  3855 | D:6      | Found an iron altar of Okawaru.
  3857 | D:6      | Found a shimmering blue altar of Sif Muna.
  3916 | D:6      | Reached skill level 6 in Shapeshifting
  3936 | D:6      | Identified the +1 plate armour of the Shore {Int+4}
  4004 | D:6      | Gained mutation: You cannot be stealthy. [Ru sacrifice]
  5009 | D:3      | Bought a glowing robe for 74 gold pieces
  5009 | D:3      | Bought a scroll labelled HUIVOT QAGHIZE for 20 gold pieces
  5009 | D:3      | Bought a scroll labelled UBUREWK ROIMOB for 20 gold pieces
  5123 | D:8      | Reached skill level 5 in Fighting
  5277 | D:7      | Reached XP level 9. HP: 79/88 MP: 8/8
  5565 | D:7      | Noticed Jeremiah
  5742 | D:7      | Killed from afar by Jeremiah

Illustrated notes

Levels and vault maps discovered:
D:1:      grunt_arrival_lava_bath, layout_basic, minmay_tiny_reverse_x
D:2:      layout_basic, ebering_ecumenical_altar_box, corexii_shack,
          minmay_domino_2, uniq_jessica
D:3:      layout_basic, serial_shops, nicolae_shop_gibbet_a_chance,
          minmay_surrounded, uniq_ijyb, uniq_grinder
D:4:      layout_basic, minmay_temple_entry_trees, serial_bayou_crossing
D:5:      layout_rooms, hangedman_decor_lopped, minmay_shop_damaged
D:6:      layout_rooms, chequers_temple_overflow_statue_of_worship,
          nicolae_wand_duel, minivault_5, minmay_between
D:7:      layout_basic, uniq_jeremiah
D:8:      layout_basic, minitemple, lair_entry_dummy, glass_columns_c
Temple:   minmay_crystal_spiral_temple

Skill      XL: |  1  2  3  4  5  6  7  8 |
---------------+-------------------------+-----
Fighting       | 1 2 3 5 |  5.1
Dodging        | 2 3 4 |  4.5
Unarmed Combat | 4 5 |  5.8
Shapeshifting  | 4 5 6 |  6.4
Throwing       | 1 3 |  3.1

Action                     |  1- 3 |  4- 6 |  7- 9 || total
---------------------------+-------+-------+-------++-------
  Melee: Unarmed           |    82 |    84 |   279 ||   445
         Punch             |       |     4 |     6 ||    10
 Invoke: Sacrifice Stealth |       |       |     1 ||     1
    Use: Scroll            |       |     3 |     7 ||    10
   Stab: Sleeping          |     1 |       |       ||     1
 Armour: Animal skin       |    49 |       |       ||    49
         Robe              |       |    54 |   133 ||   187
  Dodge: Dodged            |    47 |    42 |    92 ||   181

Table legend: (Time is in decaauts)
 A = Elapsed time spent in this place.
 B = Non-inter-level travel time spent in this place.
 C = Inter-level travel time spent in this place.
 D = Time resting spent in this place.
 E = Time spent auto-exploring this place.
 F = Levels seen in this place.
 G = Mean time per level.
                   A        B        C        D        E       F      G
               +--------+--------+--------+--------+--------+-----+--------+
         Total |   5710 |   4973 |    737 |      5 |   3894 |   9 |  634.4 |
       Dungeon |   5569 |   4970 |    599 |      5 |   3894 |   8 |  696.1 |
        Temple |    140 |      2 |    138 |      0 |      0 |   1 |  140.0 |
               +--------+--------+--------+--------+--------+-----+--------+

Top non-repeatable levels by time:
     D:7: 1159 daAuts
     D:4: 1012 daAuts
     D:3: 857 daAuts
     D:1: 781 daAuts
     D:6: 684 daAuts
     D:2: 538 daAuts
     D:5: 523 daAuts
  Temple: 140 daAuts
     D:8: 11 daAuts
